 Dungeon Crawl Stone Soup version 0.26-a0-652-gafc20e3620 (webtiles) character file.

Game seed: 18288304108281354321

92 DogServant the Firebug (level 4, -19/24 HPs)
             Began as a Deep Elf Fire Elementalist on Oct 3, 2020.
             Killed from afar by an ooze (43 damage)
             ... with an exploding inner flame
             ... hexed by the player character
             ... on level 3 of the Dungeon.
             The game lasted 00:06:34 (3325 turns).

DogServant the Firebug (Deep Elf Fire Elementalist) Turns: 3325, Time: 00:06:36

Health: -19/24     AC:  3    Str:  5    XL:     4   Next: 35%
Magic:  4/10       EV: 13    Int: 21    God:
Gold:   182        SH:  5    Dex: 15    Spells: 2/9 levels left

rFire    . . .     SeeInvis .   f - +0 dagger
rCold    . . .     Faith    .   (no shield)
rNeg     . . .     Spirit   .   a - +0 robe
rPois    .         Reflect  +   (no helmet)
rElec    .         Harm     .   (no cloak)
rCorr    .         Rampage  .   (no gloves)
MR       .....                  j - +0 pair of boots
Stlth    ++........             b - amulet of reflection
HPRegen  0.08/turn              (no ring)
MPRegen  0.12/turn              (no ring)

@: no status effects
A: no striking features
a: no special abilities


You were on level 3 of the Dungeon.
You visited 1 branch of the dungeon, and saw 3 of its levels.

You collected 182 gold pieces.

Inventory:

Hand Weapons
 f - a +0 dagger (weapon)
Armour
 a - a +0 robe (worn)
 j - a +0 pair of boots (worn)
Jewellery
 b - an amulet of reflection (around neck)
 h - a cursed ring of attention {unknown}
 m - an uncursed amulet of magic regeneration {unknown}
Wands
 n - a wand of paralysis (5)
 r - a wand of random effects (13)
Scrolls
 c - a scroll of enchant weapon {unknown}
 d - 7 scrolls of identify {unknown}
 e - a scroll of teleportation {unknown}
 g - a scroll of remove curse {unknown}
 l - a scroll of enchant armour {unknown}
 p - a scroll of magic mapping {unknown}
 q - a scroll of fear {unknown}
 s - a scroll of amnesia {unknown}
 u - a scroll of blinking {unknown}
Potions
 i - a potion of lignification {unknown}
 k - 2 potions of curing {unknown}
 o - a potion of might {unknown}
 t - a potion of flight {unknown}


   Skills:
 + Level 2.8 Dodging
 - Level 3.5 Stealth
 - Level 3.0 Spellcasting
 + Level 2.7 Conjurations
 + Level 1.1 Hexes
 + Level 4.2 Fire Magic


You had 2 spell levels left.
You knew the following spells:

 Your Spells              Type           Power        Failure   Level
a - Foxfire               Conj/Fire      ###.         3%          1
b - Conjure Flame         Conj/Fire      ###.....     10%         3
c - Inner Flame           Hex/Fire       ##......     13%         3

Your spell library contained the following spells:

 Spells                   Type           Power        Failure   Level
 Sticky Flame             Conj/Fire      ###.....     32%         4
 Fireball                 Conj/Fire      ###.......   65%         5


Dungeon Overview and Level Annotations

Branches:
Dungeon (3/15)

Altars:
Nemelex Xobeh
Xom


Message History

The spell is quite dangerous to cast (10% risk of failure)!
Continue anyway?
The fire begins to smolder!
The ooze smothers the flame.
Casting: Conjure Flame (quite dangerous; 10% risk of failure)
Confirm with . or Enter, or press ? or * to list all spells.
Okay, then.
Casting: Conjure Flame (quite dangerous; 10% risk of failure)
Confirm with . or Enter, or press ? or * to list all spells.
The spell is quite dangerous to cast (13% risk of failure)!
Continue anyway?
Aiming: Inner Flame (quite dangerous; 13% risk of failure)
Press: ? - help, Shift-Dir - straight line, f - ooze
Aim: an ooze (chance to defeat MR: 68%)
The ooze is filled with an inner flame.
The ooze barely misses you.
You hit the ooze.
Flame seeps out of the ooze.
The ooze is lightly wounded.
The ooze is engulfed in blazing flames.
The ooze explodes!
The fiery explosion engulfs you!!!
Ouch! That really hurt!
You die...

#........#.>#######
#........##.# #
#.####...##.# #
#.####†..##.####
#....'.........#
#..###...##.##.#
#..# #...##.##.####
########..#
######.#......
........§@#
#.#######
#########○# #.. #§#
### #.# #.# #.# #.#
#.# ...


There were no monsters in sight!

Vanquished Creatures
  An adder (D:3)
  An ooze (D:3)
  3 worms (D:3)
  3 dart slugs
  A leopard gecko (D:1)
  An orc (D:3)
  7 giant cockroaches
  6 goblins
  6 hobgoblins
  7 jackals
  A quokka (D:2)
  3 ball pythons
  12 bats
  2 frilled lizards
  4 kobolds
58 creatures vanquished.

Vanquished Creatures (others)
  160 foxfires
160 creatures vanquished.

Grand Total: 218 creatures vanquished

Notes
Turn   | Place    | Note
-------+----------+-------------------------------------------
     0 | D:1      | DogServant the Deep Elf Fire Elementalist began the quest
                  | for the Orb.
     0 | D:1      | Reached XP level 1. HP: 10/10 MP: 6/6
   335 | D:1      | Reached XP level 2. HP: 15/15 MP: 5/8
  1110 | D:1      | Reached XP level 3. HP: 19/19 MP: 6/9
  1658 | D:2      | Reached skill level 4 in Fire Magic
  1791 | D:2      | Found a shimmering altar of Xom.
  2036 | D:2      | Learned a level 3 spell: Conjure Flame
  2253 | D:3      | Learned a level 3 spell: Inner Flame
  2453 | D:3      | Found a sparkling altar of Nemelex Xobeh.
  2708 | D:3      | Reached XP level 4. HP: 16/24 MP: 6/10
  3245 | D:3      | Reached skill level 1 in Hexes
  3325 | D:3      | Killed from afar by an ooze

Illustrated notes

Levels and vault maps discovered:
D:1:      roderic_octagonal_star, layout_basic
D:2:      layout_loops_ring, lemuel_crystal_altar
D:3:      layout_basic, nemelex_xobeh_ov_fountains_minmay, uniq_grinder

Skill      XL: |  1  2  3  4 |
---------------+-------------+-----
Stealth        | 3 |  3.5
Conjurations   | 2 |  2.7
Fire Magic     | 4 |  4.2
Hexes          | 1 |  1.1
Dodging        | |  2.8
Spellcasting   | |  3.0

Action                   |  1- 3 |  4- 6 || total
-------------------------+-------+-------++-------
Melee: Dagger            |    61 |    19 ||    80
 Cast: Foxfire           |   103 |    13 ||   116
       Conjure Flame     |       |     3 ||     3
       Inner Flame       |       |     2 ||     2
 Stab: Sleeping          |     3 |       ||     3
Armor: Robe              |    23 |     4 ||    27
Dodge: Dodged            |    83 |    16 ||    99
Block: Other             |    33 |     7 ||    40

Table legend: (Time is in decaauts)
 A = Elapsed time spent in this place.
 B = Non-inter-level travel time spent in this place.
 C = Inter-level travel time spent in this place.
 D = Time resting spent in this place.
 E = Time spent auto-exploring this place.
 F = Levels seen in this place.
 G = Mean time per level.
                   A        B        C        D        E       F      G
               +--------+--------+--------+--------+--------+-----+--------+
         Total |   3324 |   3258 |     66 |    538 |   2187 |   3 | 1108.0 |
       Dungeon |   3324 |   3258 |     66 |    538 |   2187 |   3 | 1108.0 |
               +--------+--------+--------+--------+--------+-----+--------+

Top non-repeatable levels by time:
     D:3: 1248 daAuts
     D:1: 1158 daAuts
     D:2: 917 daAuts
